 Dungeon Crawl Stone Soup version 0.29-a0-419-g77450f2105 (webtiles) character file.

Game seed: 457427875660966938

75 KristoblXynda the Ruffian (level 4, -2/54 HPs)
             Began as a Draconian Transmuter on May 18, 2022.
             Slain by Terence
             ... wielding a +0 short sword of electrocution
              (13 damage)
             ... on level 3 of the Dungeon.
             The game lasted 00:01:43 (2725 turns).

KristoblXynda the Ruffian (Draconian Transmuter)    Turns: 2725, Time: 00:01:44

Health: -2/54      AC: 22    Str: 15    XL:     4   Next: 11%
Magic:  7/7        EV:  2    Int: 13    God:
Gold:   57         SH:  0    Dex: 11    Spells: 6/7 levels left

rFire   . . .      SeeInvis .     - Unarmed
rCold   . . .      Faith    .   (no shield)
rNeg    + . .      Spirit   .   (body armour unavailable)
rPois   +          Reflect  .   (helmet currently unavailable)
rElec   .          Harm     .   (cloak currently unavailable)
rCorr   .          Rampage  .   (gloves currently unavailable)
Will    .....      NoTele   +   (boots currently unavailable)
Stlth   +.........              (no amulet)
HPRegen 0.18/turn               i - ring of positive energy
MPRegen 0.10/turn               (no ring)

@: tree-form
A: stationary, stasis, torment immunity, boosted hp, AC +5, unfitting armour,
(cold-blooded)
a: no special abilities


You were on level 3 of the Dungeon.
You were a tree.
You visited 1 branch of the dungeon, and saw 3 of its levels.

You collected 57 gold pieces.

Inventory:

Armour
 n - a +1 cloak (melded)
Jewellery
 c - a ring of ice
 i - a ring of positive energy (left branch)
Scrolls
 b - 2 scrolls of identify {unknown}
 d - a scroll of enchant armour {unknown}
 f - a scroll of magic mapping {unknown}
 g - a scroll of amnesia {unknown}
 j - a scroll of silence {unknown}
 m - a scroll of enchant weapon {unknown}
Potions
 a - a potion of lignification
 e - a potion of heal wounds {unknown}
 h - 2 potions of berserk rage {unknown}
 k - a potion of cancellation {unknown}
 l - a potion of flight {unknown}
 o - a potion of mutation {unknown}


   Skills:
 + Level 2.2 Fighting
 + Level 2.5 Dodging
 + Level 3.6 Unarmed Combat
 - Level 2.0 Spellcasting
 + Level 2.7 Transmutations


You had 6 spell levels left.
You knew the following spells:

 Your Spells              Type           Power      Damage    Failure   Level
a - Beastly Appendage     Tmut           16%        N/A       9%          1

Your spell library contained the following spells:

 Spells                   Type           Power      Damage    Failure   Level
 Wereblood                Tmut           8%         N/A       13%         2
 Spider Form              Tmut/Pois      4%         N/A       41%         3
 Ice Form                 Ice/Tmut       4%         N/A       82%         4


Dungeon Overview and Level Annotations

Branches:
Dungeon (3/15)

Altars:

Annotations:
D:3 Terence


Innate Abilities, Weirdness & Mutations

You are a tree.
Your roots penetrate the ground, keeping you stationary.
You cannot be teleported.
You are immune to unholy pain and torment.
Your maximum health is greatly increased.
Your equipment is partially melded.
((Your plain brown scales are hard. (AC +5)))
You cannot fit into any form of body armour.
((You are cold-blooded and may be slowed by cold attacks.))


Message History

You closely miss the adder.
The adder is heavily wounded.
The adder barely misses you. The adder bites you but does no damage.
You hit the adder.
The adder is almost dead.
The adder barely misses you.
You hit the adder.
You kill the adder!
You have reached level 4!
You feel stronger.
You closely miss something. Something hits you.
You completely miss something. Something hits you.
You hit something but do no damage. Something hits you but does no damage.
You hit something.
Your tail-slap misses something.
Something hits you but does no damage.
You are electrocuted!
You closely miss something. Something hits you but does no damage.
Really quaff the potion of lignification?
You turn into a tree.
Your +1 cloak melds into your body.
Your roots penetrate the ground.
Something hits you but does no damage.
You cannot move.
You cannot move.
You cannot move.
You cannot move.
You cannot move.
You cannot move.
You cannot move.
You cannot move.
You cannot move.
You cannot move.
You cannot move.
You cannot move.
You cannot move.
You cannot move.
Unknown command.
You start resting.
Something hits you but does no damage.
You are electrocuted!
* * * LOW HITPOINT WARNING * * *
Something hits you but does no damage. Something hits you but does no damage.
Something hits you but does no damage.
You are electrocuted!
You die...

### #.# #
##.+ #.. #..+
#...### #..+
.......###..#
....../..†♣<#
........#####
.........
........##
........#
........#
.........
........#


There were no monsters in sight!

Vanquished Creatures
  3 adders
  A worm (D:2)
  2 dart slugs (D:1)
  6 ball pythons
  4 bats
  2 endoplasms
  2 giant cockroaches (D:2)
  3 goblins
  2 hobgoblins
  4 quokkas (D:1)
  2 frilled lizards (D:1)
  6 kobolds
  4 rats (D:1)
41 creatures vanquished.

Vanquished Creatures (others)
  2 plants (D:1)
2 creatures vanquished.

Grand Total: 43 creatures vanquished

Notes
Turn   | Place    | Note
-------+----------+-------------------------------------------
     0 | D:1      | KristoblXynda the Draconian Transmuter began the quest for
                  | the Orb.
     0 | D:1      | Reached XP level 1. HP: 16/16 MP: 3/3
   342 | D:1      | Found a faded altar of an unknown god.
   518 | D:1      | Reached XP level 2. HP: 22/23 MP: 5/5
  1033 | D:1      | Reached XP level 3. HP: 24/29 MP: 6/6
  2704 | D:3      | Noticed Terence
  2716 | D:3      | Reached XP level 4. HP: 36/36 MP: 7/7
  2725 | D:3      | Slain by Terence

Illustrated notes

Levels and vault maps discovered:
D:1:      nagdon_arrival_double_spiral, layout_basic,
          shapermc_ecumenical_altar_mp_urbaneastern, st_stairs_9
D:2:      layout_basic
D:3:      cheibrodos_fertilizer, layout_basic, lightli_corner_chamber,
          uniq_natasha, uniq_ijyb, uniq_terence

Skill      XL: |  1  2  3 |
---------------+----------+-----
Dodging        | 2 |  2.5
Fighting       | 2 |  2.2
Unarmed Combat | |  3.6
Spellcasting   | |  2.0
Transmutations | |  2.7

Action                   |  1- 3 |  4- 6 || total
-------------------------+-------+-------++-------
Melee: Unarmed           |   147 |     5 ||   152
       Tailslap          |    16 |       ||    16
       Punch             |     3 |       ||     3
 Cast: Beastly Appendage |     2 |       ||     2
  Use: Potion            |       |     1 ||     1
 Stab: Sleeping          |     1 |       ||     1
Armor: Skin              |    60 |     8 ||    68
Dodge: Dodged            |    87 |       ||    87

Table legend: (Time is in decaauts)
 A = Elapsed time spent in this place.
 B = Non-inter-level travel time spent in this place.
 C = Inter-level travel time spent in this place.
 D = Time resting spent in this place.
 E = Time spent auto-exploring this place.
 F = Levels seen in this place.
 G = Mean time per level.
                   A        B        C        D        E       F      G
               +--------+--------+--------+--------+--------+-----+--------+
         Total |   2713 |   2648 |     65 |    458 |   1875 |   3 |  904.3 |
       Dungeon |   2713 |   2648 |     65 |    458 |   1875 |   3 |  904.3 |
               +--------+--------+--------+--------+--------+-----+--------+

Top non-repeatable levels by time:
     D:2: 1366 daAuts
     D:1: 1324 daAuts
     D:3: 23 daAuts
